Map: 월드 오브 슬리퍼스 - 래더

Players

Nitix

  • Race: Zerg Zerg
  • Spawn Location: 7:00

Armani - Winner!

  • Race: Zerg Zerg
  • Spawn Location: 1:00

Event: IEM Katowice 2020

VOD

Have the link to the VOD?

Description

Time

  • Played on: Feb. 24, 2020, 8:59 a.m.
  • Length: 7:28

All games in this series

Show
View Real Time Build Order
Export as new Build Order

Nitix Zerg 

Build Orders: Hatch First 

Get SALT Encoding   

  12  0:00  Drone  
  13  0:12  Overlord  
  13  0:16  Drone  
  14  0:32  Drone x2  
  16  0:48  Hatchery  
  15  0:52  Drone  
  15  0:56  Drone  
  17  0:58  Drone  
  18  1:09  Extractor  
  17  1:16  Drone, Spawning Pool  
  17  1:20  Drone  
  18  1:27  Drone  
  19  1:39  Drone  
  20  1:50  Drone  
  21  1:59  Overlord  
  21  2:02  Queen x2  
  21  2:04  Zergling x2  
  26  2:09  Metabolic Boost  
  26  2:11  Drone  
  26  2:12  Drone  
  28  2:25  Drone x2  
  30  2:34  Hatchery  
  29  2:47  Drone x2  
  29  2:51  Baneling Nest  
  29  2:53  Queen  
  29  2:58  Overlord  
  31  2:59  Drone  
  31  3:02  Zergling x2  
  31  3:03  Zergling x2  
  34  3:08  Drone  
  35  3:16  Drone  
  35  3:18  Zergling x8  
  35  3:19  Drone  
  41  3:23  Drone  
  41  3:24  Drone  
  43  3:29  Overlord  
  43  3:36  Evolution Chamber  
  43  3:38  Baneling x4  
  43  3:39  Zergling x2  
  43  3:46  Baneling  
  43  3:48  Zergling x8  
  46  4:02  Drone x2  
  48  4:03  Drone x2  
  48  4:08  Roach Warren  
  46  4:17  Drone x2  
  46  4:18  Drone x6  
  46  4:23  Extractor x2  
  52  4:30  Drone  
  52  4:31  Drone  
  53  4:35  Overlord  
  53  4:51  Roach x2  
  56  4:52  Overlord  
  56  4:53  Overlord  
  56  4:54  Baneling  
  56  4:55  Roach x4  
  63  5:09  Roach x2  
  63  5:10  Roach, Overlord  
  66  5:15  Roach x4  
  66  5:18  Roach  
  76  5:24  Roach x2  
  76  5:27  Roach  
  81  5:32  Roach  
  83  5:40  Zergling x8, Roach  
  89  5:48  Roach  
  88  5:50  Drone  
  88  5:51  Overlord  
  88  5:55  Overlord  
  89  5:57  Overlord  
  89  6:03  Drone  
  90  6:12  Lair  
  90  6:15  Drone x2  
  90  6:16  Drone x3  
  91  6:22  Drone x5  
  91  6:25  Drone  
  97  6:27  Pneumatized Carapace  
  96  6:38  Drone x6  
  93  6:47  Extractor  
  90  6:50  Roach x5  
  90  6:51  Roach  
  100  6:56  Roach x2  
  100  7:00  Roach x2  
  108  7:06  Roach x3  
Show
View Real Time Build Order
Export as new Build Order

Armani Zerg - Winner!

Build Orders: Hatch First 

Get SALT Encoding   

  12  0:00  Drone  
  13  0:13  Overlord  
  13  0:17  Drone  
  14  0:32  Drone x2  
  16  0:50  Hatchery  
  16  0:51  Drone  
  16  0:56  Drone  
  17  0:59  Drone  
  18  1:10  Extractor  
  17  1:13  Spawning Pool  
  17  1:16  Drone  
  17  1:19  Drone  
  18  1:30  Drone  
  19  1:39  Drone  
  20  1:50  Overlord  
  20  2:02  Queen x2  
  20  2:04  Drone  
  20  2:06  Zergling x2  
  26  2:11  Metabolic Boost  
  26  2:12  Drone  
  26  2:14  Drone  
  28  2:24  Drone x2  
  30  2:33  Hatchery  
  30  2:36  Drone  
  30  2:40  Drone  
  31  2:47  Baneling Nest  
  31  2:50  Overlord  
  30  3:00  Drone x3  
  33  3:13  Zergling x14  
  33  3:15  Zergling x2  
  41  3:20  Zergling x2  
  41  3:21  Overlord  
  42  3:30  Drone  
  42  3:33  Drone  
  44  3:40  Drone, Evolution Chamber  
  44  3:41  Drone  
  44  3:42  Drone x2  
  44  3:43  Baneling  
  44  3:47  Baneling x2  
  44  3:48  Baneling  
  47  3:50  Drone  
  47  3:51  Drone  
  47  3:53  Drone x2  
  51  3:56  Queen  
  51  3:58  Drone  
  51  4:00  Drone  
  55  4:04  Drone  
  55  4:05  Zergling x2  
  55  4:09  Drone  
  58  4:15  Drone  
  58  4:16  Zerg Missile Weapons Level 1  
  54  4:20  Drone  
  54  4:21  Zergling x6  
  58  4:24  Overlord x2  
  58  4:29  Roach Warren  
  56  4:31  Drone  
  56  4:36  Lair, Extractor  
  56  4:37  Drone  
  56  4:38  Extractor  
  56  4:40  Drone  
  56  4:41  Drone  
  56  4:44  Drone x3  
  61  4:48  Drone  
  61  4:49  Drone  
  61  4:50  Drone  
  64  4:54  Drone x4  
  64  4:59  Drone x2  
  70  5:01  Overlord  
  70  5:04  Overlord  
  70  5:05  Drone  
  70  5:10  Drone  
  71  5:18  Roach  
  71  5:19  Overlord  
  71  5:20  Roach x4  
  80  5:25  Spine Crawler  
  80  5:27  Spine Crawler  
  80  5:28  Roach  
  80  5:29  Spine Crawler  
  80  5:33  Roach x3  
  85  5:38  Roach x3  
  91  5:44  Roach  
  91  5:45  Roach x2  
  91  5:49  Zergling x6  
  96  5:52  Zergling x4  
  96  5:55  Glial Reconstitution  
  96  5:56  Overlord  
  97  5:57  Overlord  
  97  5:59  Overlord  
  96  6:16  Roach x8  
  111  6:19  Roach  
  113  6:32  Roach x4  
  116  6:40  Extractor  
  116  6:41  Ravager  
  116  6:42  Zergling x2  
  116  6:43  Zergling x4  
  118  6:47  Overseer  
  118  6:53  Roach  
  118  6:54  Roach  
  122  6:57  Overlord x2  
  122  6:59  Overlord  
  122  7:00  Overlord  
  122  7:09  Hatchery  

Tags
 
Add a new tag
Caveats
  • Supply blocks, unpowered buildings, or Contaminate may cause inaccurate times.
  • Supply counts are checked every 10 seconds.